 Dungeon Crawl Stone Soup version 0.29-a0-490-g77b3608bb8 (webtiles) character file.

Game seed: 5819331874729541188

364 dracfodder the Digger (level 6, -1/33 HPs)
             Began as a Gargoyle Earth Elementalist on May 26, 2022.
             Was an Initiate of Sif Muna.
             Slain by a gnoll
             ... wielding a +0 halberd
              (11 damage)
             ... on level 4 of the Dungeon.
             The game lasted 00:14:56 (4279 turns).

dracfodder the Digger (Gargoyle Earth Elementalist) Turns: 4279, Time: 00:14:57

Health: -1/33      AC:  8    Str: 12    XL:     6   Next: 67%
Magic:  7/11       EV: 12    Int: 17    God:    Sif Muna [......]
Gold:   213        SH:  0    Dex: 10    Spells: 8/14 levels left

rFire   . . .      SeeInvis .   m - +1 battleaxe (vorpal)
rCold   . . .      Faith    .   (shield currently unavailable)
rNeg    + + .      Spirit   .   b - +0 robe
rPois   ∞          Reflect  .   (no helmet)
rElec   +          Harm     .   f - +0 cloak
rCorr   .          Rampage  .   q - +0 pair of gloves
Will    .....      Rnd*Tele +   (no boots)
Stlth   +.........              (no amulet)
HPRegen 0.11/turn               t - ring of positive energy
MPRegen 0.12/turn               (no ring)

@: lit by a corona, glowing
A: sickness immunity, AC +4, negative energy resistance 1, electricity
resistance, torment resistance 1, petrification resistance, low MP 1,
teleportitis 1
a: Renounce Religion


You were on level 4 of the Dungeon.
You worshipped Sif Muna.
Sif Muna was noncommittal.
You visited 1 branch of the dungeon, and saw 4 of its levels.

You collected 213 gold pieces.

Inventory:

Hand Weapons
 d - a +3 quarterstaff of chaos
 j - a +1 long sword of draining
 m - a +1 vorpal battleaxe (weapon)
Missiles
 a - 126 stones
Armour
 b - a +0 robe (worn)
 f - a +0 cloak (worn)
 q - a +0 pair of gloves (worn)
Jewellery
 k - an amulet of guardian spirit
 t - a ring of positive energy (left hand)
Wands
 p - a wand of digging (3)
 r - a wand of paralysis (6)
Scrolls
 e - 2 scrolls of fear
 l - 2 scrolls of blinking
 o - 2 scrolls of silence {unknown}
Potions
 h - 4 potions of curing {unknown}
 i - a potion of degeneration {unknown}
 n - a potion of berserk rage {unknown}
 s - a potion of cancellation {unknown}


   Skills:
 + Level 0.4 Fighting
 + Level 0.5 Axes
 + Level 1.6 Dodging
 + Level 2.5 Stealth
 * Level 4.8 Spellcasting
 * Level 2.6 Conjurations
 + Level 0.7 Transmutations
 + Level 5.1 Earth Magic


You had 8 spell levels left.
You knew the following spells:

 Your Spells              Type           Power      Damage    Failure   Level
a - Sandblast             Erth           42%        2d11      1%          1
b - Passwall              Tmut/Erth      11%        N/A       7%          2
c - Stone Arrow           Conj/Erth      34%        3d9       9%          3

Your spell library contained the following spells:

 Spells                   Type           Power      Damage    Failure   Level
 Wereblood                Tmut           6%         N/A       16%         2
 Ozocubu's Armour         Ice            4%         N/A       41%         3
 Petrify                  Tmut/Erth      14%        N/A       41%         4
 Ozocubu's Refrigeration  Ice            2%         4d5       100%        7


Dungeon Overview and Level Annotations

Branches:
Dungeon (4/15)
 Temple: D:4-7

Altars:
Sif Muna


Innate Abilities, Weirdness & Mutations

You are immune to sickness and miasma.
Your stone body is resilient. (AC +4)
You are immune to poison.
You resist negative energy. (rN+)
You are resistant to electric shocks. (rElec)
You are resistant to unholy torment.
You are immune to petrification.
Your magical capacity is low. (-10% MP)
You are occasionally teleported next to monsters.


Message History

Aim: a gnoll shaman, wielding a +0 club and wearing a +0 leather armour (almost dead, chance to affect: 49%)
The gnoll shaman resists with some effort.
The gnoll closely misses you. The gnoll hits you but does no damage.
The gnoll shaman misses you.
You feel much better.
The gnoll hits you from afar with a +0 spear.
The gnoll shaman hits you with a +0 club!
Magic courses through your body. The gnoll hits you but does no damage.
The gnoll closely misses you.
The gnoll shaman hits you with a +0 club.
Aiming: Sandblast (safe; 1% risk of failure)
Press: ? - help, Q - select action, (/) - cycle Shift-Dir - straight line, f/p - gnoll shaman
Aim: a gnoll shaman, wielding a +0 club and wearing a +0 leather armour (almost dead, 83% to hit)
The blast of sand hits the gnoll shaman but does no damage.
The gnoll shaman is almost dead.
The gnoll hits you but does no damage. The gnoll shaman completely misses you.
Aiming: Sandblast (safe; 1% risk of failure)
Press: ? - help, Q - select action, (/) - cycle Shift-Dir - straight line, f/p - gnoll shaman
Aim: a gnoll shaman, wielding a +0 club and wearing a +0 leather armour (almost dead, 83% to hit)
The blast of sand hits the gnoll shaman!
You kill the gnoll shaman!
Sif Muna accepts your kill. The gnoll barely misses you. The gnoll misses you.
Aiming: Sandblast (safe; 1% risk of failure)
Press: ? - help, Q - select action, (/) - cycle Shift-Dir - straight line, f - gnoll
Aim: a gnoll, wielding a +0 whip (fast, 83% to hit)
The blast of sand misses the gnoll.
The blast of sand hits the gnoll!
The gnoll is heavily wounded.
The gnoll closely misses you. The gnoll hits you but does no damage.
The gnoll closely misses you. The gnoll hits you with a +0 whip.
Aiming: Sandblast (safe; 1% risk of failure)
Press: ? - help, Q - select action, (/) - cycle Shift-Dir - straight line, f/p - gnoll
Aim: a gnoll, wielding a +0 whip (fast, 83% to hit)
The blast of sand hits the gnoll!
You kill the gnoll!
Sif Muna accepts your kill. The gnoll hits you but does no damage.
The gnoll hits you from afar with a +0 spear.
The gnoll hits you from afar with a +0 halberd!
You die...

##.......###### #.
#........##...#
#.######^.......##..(#
......##........##...#
......##........##...#
......#######'####...#####
.>....# #....'.......###
......# ######g........
......#########.@)gg#....#
......##........###g#....#
......##.####.#.#...g....#
#+####...#....#.#S.g..#....
#<####)###....#.#..g..#####
#......#.'..[...#.....#
##.......#......#..g.<#
#.......####...#...g.#
#.......# #...#.!...#


You could see 4 gnolls.

Vanquished Creatures
  A black bear (D:4)
  A howler monkey (D:4)
  An orc priest (D:3)
  Crazy Yiuf (D:2)
  A gnoll shaman (D:4)
  An iguana (D:4)
  5 gnolls
  2 adders
  A shadow imp (D:4)
  4 worms
  4 dart slugs
  3 orcs (D:3)
  2 bats
  An endoplasm (D:1)
  4 giant cockroaches
  4 goblins
  3 hobgoblins
  5 quokkas
  3 ball pythons
  A frilled lizard (D:1)
  2 kobolds (D:2)
  A rat (D:1)
51 creatures vanquished.

Notes
Turn   | Place    | Note
-------+----------+-------------------------------------------
     0 | D:1      | dracfodder the Gargoyle Earth Elementalist began the quest
                  | for the Orb.
     0 | D:1      | Reached XP level 1. HP: 10/10 MP: 3/3
     1 | D:1      | Noticed an electric eel
   478 | D:1      | Reached XP level 2. HP: 11/15 MP: 0/5
   694 | D:1      | Found a faded altar of an unknown god.
   757 | D:1      | Learned a level 2 spell: Passwall
  1052 | D:1      | You fall into a shaft and drop 1 floor!
  1128 | D:2      | Reached skill level 4 in Earth Magic
  1234 | D:2      | Reached skill level 1 in Conjurations
  1234 | D:2      | Reached XP level 3. HP: 19/19 MP: 4/7
  1238 | D:2      | Learned a level 3 spell: Stone Arrow
  1811 | D:2      | Gained mutation: You are occasionally teleported next to
                  | monsters. [potion of mutation]
  1811 | D:2      | Gained mutation: Your magical capacity is low. (-10% MP)
                  | [potion of mutation]
  1971 | D:2      | Found a runed translucent door.
  1972 | D:2      | Noticed Crazy Yiuf
  2751 | D:2      | Killed Crazy Yiuf
  2752 | D:2      | Reached XP level 4. HP: 24/24 MP: 1/8
  3173 | D:3      | Reached XP level 5. HP: 26/28 MP: 5/9
  3198 | D:3      | Found a shimmering blue altar of Sif Muna.
  3213 | D:3      | Became a worshipper of Sif Muna the Loreminder
  3599 | D:3      | Identified the +3 dagger "Utralu" {venom, rC++ Dex+4}
  3842 | D:3      | Got Eplaunom's Catalogue of the Shifting Glacier
  4060 | D:4      | Noticed a black bear
  4070 | D:4      | Killed a black bear
  4071 | D:4      | Reached XP level 6. HP: 20/33 MP: 8/11
  4257 | D:4      | Reached skill level 5 in Earth Magic
  4279 | D:4      | Slain by a gnoll

Illustrated notes

Levels and vault maps discovered:
D:1:      arrival_aquarium_a, layout_loops_corners, basic_ecumenical_altar
D:2:      layout_basic, serial_corexii_hall, corexii_hall_statues_l,
          corexii_hall_statues_u, corexii_hall_statues_i,
          corexii_item_surrounded_by_moat, uniq_crazy_yiuf_cottage
D:3:      wad_crossroads, layout_basic, nicolae_sif_muna_condensation
D:4:      layout_basic, okawaru_trees_2, mainiacjoe_overflow_cross_hatched,
          temple_green, serial_shops, shop

Skill      XL: |  1  2  3  4  5  6 |
---------------+-------------------+-----
Earth Magic    | 4 5 |  5.1
Conjurations   | 1 2 |  2.6
Spellcasting   | 3 4 |  4.8
Fighting       | |  0.4
Axes           | |  0.5
Dodging        | |  1.6
Stealth        | |  2.5
Transmutations | |  0.7

Action                   |  1- 3 |  4- 6 || total
-------------------------+-------+-------++-------
Melee: Long sword        |     6 |       ||     6
       Battleaxe         |       |    23 ||    23
 Cast: Sandblast         |    39 |    34 ||    73
       Stone Arrow       |     4 |    10 ||    14
Evoke: Wand              |       |     2 ||     2
  Use: Scroll            |     4 |     2 ||     6
       Potion            |     1 |     2 ||     3
 Stab: Paralysed         |       |     3 ||     3
Armor: Robe              |     6 |    14 ||    20
Dodge: Dodged            |    10 |    40 ||    50

Table legend: (Time is in decaauts)
 A = Elapsed time spent in this place.
 B = Non-inter-level travel time spent in this place.
 C = Inter-level travel time spent in this place.
 D = Time resting spent in this place.
 E = Time spent auto-exploring this place.
 F = Levels seen in this place.
 G = Mean time per level.
                   A        B        C        D        E       F      G
               +--------+--------+--------+--------+--------+-----+--------+
         Total |   4294 |   4152 |    142 |    531 |   3110 |   4 | 1073.5 |
       Dungeon |   4294 |   4152 |    142 |    531 |   3110 |   4 | 1073.5 |
               +--------+--------+--------+--------+--------+-----+--------+

Top non-repeatable levels by time:
     D:2: 1653 daAuts
     D:1: 1208 daAuts
     D:3: 1083 daAuts
     D:4: 349 daAuts
